 Dungeon Crawl Stone Soup version 0.29-a0-275-g389c0b56f3 (webtiles) character file.

Game seed: 3056076928928494529

32 ders the Digger (level 3, -3/19 HPs)
             Began as a Gargoyle Earth Elementalist on Mar 9, 2022.
             Slain by Terence
             ... wielding a +0 short sword
              (6 damage)
             ... on level 2 of the Dungeon.
             The game lasted 00:02:01 (1303 turns).

ders the Digger (Gargoyle Earth Elementalist)       Turns: 1303, Time: 00:02:02

Health: -3/19      AC:  5    Str: 10 (11) XL:     3   Next: 27%
Magic:  4/6        EV: 11    Int: 14 (17) God:
Gold:   117        SH:  0    Dex:  9 (10) Spells: 6/7 levels left

rFire   . . .      SeeInvis .   (no weapon)
rCold   . . .      Faith    .   (no shield)
rNeg    + . .      Spirit   .   b - +0 robe
rPois   ∞          Reflect  .   (no helmet)
rElec   +          Harm     .   (no cloak)
rCorr   .          Rampage  .   (no gloves)
Will    .....                   (no boots)
Stlth   ++........              (no amulet)
HPRegen 0.06/turn               (no ring)
MPRegen 0.10/turn               (no ring)

@: brilliant
A: sickness immunity, AC +3, negative energy resistance 1, electricity
resistance, torment resistance 1, petrification resistance
a: no special abilities


You were on level 2 of the Dungeon.
You visited 1 branch of the dungeon, and saw 2 of its levels.

You collected 117 gold pieces.

Inventory:

Armour
 b - a +0 robe (worn)
Jewellery
 m - a ring of protection from fire
Scrolls
 d - a scroll of identify
 e - 2 scrolls of magic mapping
 l - 2 scrolls of silence
Potions
 f - 2 potions of lignification
 i - 2 potions of brilliance


   Skills:
 - Level 1.5 Dodging
 - Level 2.1 Stealth
 + Level 2.5 Spellcasting
 + Level 1.5 Conjurations
 - Level 0.7 Transmutations
 + Level 4.2 Earth Magic


You had 6 spell levels left.
You knew the following spells:

 Your Spells              Type           Power      Damage    Failure   Level
a - Sandblast             Erth           40%        2d10      4%          1

Your spell library contained the following spells:

 Spells                   Type           Power      Damage    Failure   Level
 Passwall                 Tmut/Erth      10%        N/A       12%         2
 Stone Arrow              Conj/Erth      28%        3d8       21%         3
 Petrify                  Tmut/Erth      13%        N/A       63%         4


Dungeon Overview and Level Annotations

Branches:
Dungeon (2/15)

Altars:

Annotations:
D:2 Terence


Innate Abilities, Weirdness & Mutations

You are immune to sickness and miasma.
Your stone body is resilient. (AC +3)
You are immune to poison.
You resist negative energy. (rN+)
You are resistant to electric shocks. (rElec)
You are resistant to unholy torment.
You are immune to petrification.


Message History

You cannot move.
You cannot move.
Casting: Sandblast (safe; 4% risk of failure)
Confirm with . or Enter, or press ? or * to list all spells.
You don't have any stones to cast with.
Unknown command.
Casting: Sandblast (safe; 4% risk of failure)
Confirm with . or Enter, or press ? or * to list all spells.
You don't have any stones to cast with.
Casting: Sandblast (safe; 4% risk of failure)
Confirm with . or Enter, or press ? or * to list all spells.
You don't have any stones to cast with.
Okay, then.
You cannot move.
You cannot move.
You cannot move.
Terence hits you but does no damage.
Terence asks, "Do you want it fast or slow?"
Terence hits you with a +0 short sword. Terence hits you but does no damage.
Terence hits you but does no damage. Terence hits you with a +0 short sword.
Terence hits you but does no damage. Terence hits you but does no damage.
Terence hits you but does no damage.
You feel less wooden.
Your +0 robe unmelds from your body.
Terence bares his teeth.
Terence hits you but does no damage. Terence attacks as you move away!
Terence hits you but does no damage. Terence attacks as you move away!
Terence hits you with a +0 short sword. Terence attacks as you move away!
Terence barely misses you. Terence attacks as you move away!
Terence barely misses you.
Terence shouts, "ATTACK!!!"
You feel less attractive to monsters. Terence attacks as you move away!
Terence hits you with a +0 short sword.
* * * LOW HITPOINT WARNING * * *
Terence looks scornfully at you. Terence attacks as you move away!
Terence hits you with a +0 short sword.
You die...

##### #####
....#*#######...###### #####
....#,..........##...####...#
....#,..................#...#####
....#,..................#........
....#########....).##...#........
.......†.........................
....##.#########.@...............
....##+####### #@####.####.#.....
.............#*#.#**#.# #........
.............#,...,*#.# #........
.............#.....*#.# #........
.........)...#..^..##+###........
..#..........#.........##........
#.######..#............##........
#.#######.#............##........
#.#.....#.#............#####.....


You could see Terence.

Vanquished Creatures
  2 worms (D:2)
  An orc (D:2)
  4 bats
  4 endoplasms
  2 giant cockroaches
  4 hobgoblins
  A ball python (D:1)
  A goblin (D:1)
  2 kobolds
  A rat (D:1)
22 creatures vanquished.

Notes
Turn   | Place    | Note
-------+----------+-------------------------------------------
     0 | D:1      | ders the Gargoyle Earth Elementalist began the quest for
                  | the Orb.
     0 | D:1      | Reached XP level 1. HP: 10/10 MP: 3/3
   265 | D:1      | Reached XP level 2. HP: 15/15 MP: 3/5
   422 | D:1      | Reached skill level 1 in Conjurations
   853 | D:2      | Reached skill level 4 in Earth Magic
  1022 | D:2      | Reached XP level 3. HP: 19/19 MP: 2/6
  1096 | D:2      | Found a faded altar of an unknown god.
  1260 | D:2      | Noticed Terence
  1303 | D:2      | Slain by Terence

Illustrated notes

Levels and vault maps discovered:
D:1:      lightli_arrival_flooded_house, layout_basic,
          hangedman_abyss_or_decor_lesser_grid, grunt_decor_one_mirror
D:2:      layout_basic, hellmonk_ecumenical_altar_heavens_door, uniq_terence

Skill      XL: |  1  2 |
---------------+-------+-----
Conjurations   | 1 |  1.5
Earth Magic    | 4 |  4.2
Dodging        | |  1.5
Stealth        | |  2.1
Spellcasting   | |  2.5
Transmutations | |  0.7

Action                   || total
-------------------------++-------
 Cast: Sandblast         ||    45
  Use: Potion            ||     7
       Scroll            ||     2
Armor: Robe              ||     6
       Skin              ||    15
Dodge: Dodged            ||     7

Table legend: (Time is in decaauts)
 A = Elapsed time spent in this place.
 B = Non-inter-level travel time spent in this place.
 C = Inter-level travel time spent in this place.
 D = Time resting spent in this place.
 E = Time spent auto-exploring this place.
 F = Levels seen in this place.
 G = Mean time per level.
                   A        B        C        D        E       F      G
               +--------+--------+--------+--------+--------+-----+--------+
         Total |   1303 |   1287 |     16 |      0 |   1125 |   2 |  651.5 |
       Dungeon |   1303 |   1287 |     16 |      0 |   1125 |   2 |  651.5 |
               +--------+--------+--------+--------+--------+-----+--------+

Top non-repeatable levels by time:
     D:1: 848 daAuts
     D:2: 454 daAuts
